 Dungeon Crawl Stone Soup version 0.26-a0-652-gafc20e3620 (webtiles) character file.

Game seed: 9809145333907438746

47 Descartes the Magician (level 3, -1/19 HPs)
             Began as a Deep Elf Hedge Wizard on Oct 3, 2020.
             Slain by a centaur (9 damage)
             ... on level 2 of the Dungeon.
             The game lasted 00:04:44 (1765 turns).

Descartes the Magician (Deep Elf Hedge Wizard)      Turns: 1765, Time: 00:04:44

Health: -1/19      AC:  3    Str:  8    XL:     3   Next: 48%
Magic:  11/11      EV: 12    Int: 18    God:
Gold:   76         SH:  0    Dex: 14    Spells: 11/12 levels left

rFire    + . .     SeeInvis .   a - +0 dagger
rCold    + . .     Faith    .   (no shield)
rNeg     . . .     Spirit   .   n - +0 leather armour
rPois    +         Reflect  .   c - +0 hat
rElec    +         Harm     .   (no cloak)
rCorr    +         Rampage  .   (no gloves)
MR       +....                  (no boots)
Stlth    ++........             (no amulet)
HPRegen  0.06/turn              m - ring of protection from magic
MPRegen  0.12/turn              (no ring)

@: mighty, resistant, flying
A: no striking features
a: no special abilities


You were on level 2 of the Dungeon.
You visited 1 branch of the dungeon, and saw 2 of its levels.

You collected 76 gold pieces.

Inventory:

Hand Weapons
 a - a +0 dagger (weapon)
Missiles
 h - 42 stones (quivered)
 o - 10 sling bullets
Armour
 b - a +0 robe
 c - a +0 hat (worn)
 n - a +0 leather armour (worn)
 q - a +0 ring mail
Jewellery
 m - a ring of protection from magic (left hand)
Scrolls
 f - a scroll of remove curse {unknown}
 g - a scroll of fog {unknown}
 k - 2 scrolls of magic mapping {unknown}
 p - a scroll of identify {unknown}
 r - a scroll of amnesia {unknown}


   Skills:
 + Level 3.1 Dodging
 + Level 3.2 Stealth
 - Level 5.0 Spellcasting
 + Level 2.1 Conjurations
   Level 1.1 Summonings
   Level 1.1 Translocations


You had 11 spell levels left.
You knew the following spells:

 Your Spells              Type           Power        Failure   Level
a - Magic Dart            Conj           ##..         9%          1

Your spell library contained the following spells:

 Spells                   Type           Power        Failure   Level
 Blink                    Tloc           N/A          19%         2
 Call Imp                 Summ           #.......     19%         2
 Slow                     Hex            #.......     28%         2
 Conjure Flame            Conj/Fire      #.......     36%         3
 Mephitic Cloud           Conj/Pois/Air  #.......     41%         3


Dungeon Overview and Level Annotations

Branches:
Dungeon (2/15)

Altars:


Message History

There is an open door here.
You close the door.
It was a potion of curing.
You feel better.
It was a potion of magic.
Magic courses through your body.
It was a potion of resistance.
You feel protected.
It was a potion of flight.
You feel very buoyant.
You fly up into the air.
The centaur unwields a +0 shortbow.
The centaur misses you. The centaur hits you!
Your magical contamination has completely faded away.
You hit the centaur but do no damage. The centaur barely misses you.
You hit the centaur but do no damage. The centaur hits you.
The centaur hits you!
* * * LOW HITPOINT WARNING * * *
You feel better. The centaur barely misses you.
It was a potion of might.
You feel very mighty all of a sudden. The centaur closely misses you.
The centaur hits you!
You die...

...#. #.#. #. #...
..#.#### #.. .##........
.#.#..#####c..##........
#.⌠.#...c......#........
#.#...(# #........
#..##+### #........
##..c@..# #........
.##......# #........
#.#......# #........
♣.#.#'### #........
#.#..#.# #.#........
###..#.### #.#..#.##..
##.......# #.#..#.##..
##........# #.#..#.##..
..........# #.#..#.##..


You could see a centaur.

Vanquished Creatures
  3 dart slugs (D:1)
  2 leopard geckos (D:1)
  4 bats (D:1)
  4 goblins (D:1)
  3 hobgoblins
  3 jackals (D:1)
  11 kobolds
  A ball python (D:1)
  3 frilled lizards (D:1)
  4 rats (D:1)
38 creatures vanquished.

Notes
Turn   | Place    | Note
-------+----------+-------------------------------------------
     0 | D:1      | Descartes the Deep Elf Hedge Wizard began the quest for the
                  | Orb.
     0 | D:1      | Reached XP level 1. HP: 10/10 MP: 7/7
     2 | D:1      | Noticed an octopode
     2 | D:1      | Noticed a demonspawn
     4 | D:1      | Noticed a vine stalker
     4 | D:1      | Noticed an ogre
     6 | D:1      | Noticed a minotaur
     6 | D:1      | Noticed a merfolk
     8 | D:1      | Noticed a halfling
    10 | D:1      | Noticed a draconian
    10 | D:1      | Noticed a naga
    12 | D:1      | Noticed a troll
    12 | D:1      | Noticed a centaur
    14 | D:1      | Noticed a gargoyle
    16 | D:1      | Noticed a dwarf
    16 | D:1      | Noticed a formicid
    18 | D:1      | Noticed an elf
    18 | D:1      | Noticed a demigod
    20 | D:1      | Noticed a felid
    20 | D:1      | Noticed a vampire
    22 | D:1      | Noticed a human
    24 | D:1      | Noticed a spriggan
    24 | D:1      | Noticed a tengu
    26 | D:1      | Noticed a ghoul
   267 | D:1      | Reached XP level 2. HP: 15/15 MP: 2/9
  1060 | D:1      | Reached XP level 3. HP: 19/19 MP: 9/11
  1345 | D:1      | Reached skill level 5 in Spellcasting
  1753 | D:2      | Noticed a centaur
  1765 | D:2      | Slain by a centaur

Illustrated notes

Levels and vault maps discovered:
D:1:      kb_arrival_jail, layout_basic, minmay_hexomino_f4
D:2:      layout_basic, grunt_decor_mini_mirrors

Skill      XL: |  1  2  3 |
---------------+----------+-----
Stealth        | 3 |  3.2
Dodging        | 3 |  3.1
Conjurations   | 2 |  2.1
Spellcasting   | 5 |  5.0
Summonings     | |  1.1
Translocations | |  1.1

Action                   || total
-------------------------++-------
Melee: Dagger            ||    19
 Cast: Magic Dart        ||    96
  Use: Potion            ||     6
Armor: Robe              ||     4
Dodge: Dodged            ||    28

Table legend: (Time is in decaauts)
 A = Elapsed time spent in this place.
 B = Non-inter-level travel time spent in this place.
 C = Inter-level travel time spent in this place.
 D = Time resting spent in this place.
 E = Time spent auto-exploring this place.
 F = Levels seen in this place.
 G = Mean time per level.
                   A        B        C        D        E       F      G
               +--------+--------+--------+--------+--------+-----+--------+
         Total |   1764 |   1744 |     20 |      0 |   1490 |   2 |  882.0 |
       Dungeon |   1764 |   1744 |     20 |      0 |   1490 |   2 |  882.0 |
               +--------+--------+--------+--------+--------+-----+--------+

Top non-repeatable levels by time:
     D:1: 1528 daAuts
     D:2: 235 daAuts
